 Dungeon Crawl Stone Soup version 0.30-a0-937-ga0a21ad780 (console) character file.

Game seed: 891924199189492174

953 petzl the Sneak (level 8, -5/58 (61) HPs)
             Began as a Formicid Delver on Mar 24, 2023.
             Killed from afar by an acid dragon (17 damage)
             ... with a splash of acid
             ... on level 9 of the Dungeon.
             The game lasted 00:38:19 (7813 turns).

petzl the Sneak (Formicid Delver)                   Turns: 7813, Time: 00:38:20

HP:   -5/58 (61)    AC:  0    Str: 16    XL:     8   Next: 36%
MP:   15/15         EV: 26    Int: 13    God:
Gold: 360           SH:  3    Dex: 15    Spells: 14/16 levels left

rFire   + . .      SeeInvis +    b - +5 shortbow
rCold   . . .      Faith    .    P - +0 buckler
rNeg    + . .      Spirit   .    B - +0 leather armour
rPois   .          Reflect  .    (helmet unavailable)
rElec   .          Rampage  .    j - +0 cloak
rCorr   .                        (no gloves)
Will    .....                    (no boots)
Stlth   +++                      d - amulet of the acrobat
HPRegen 0.29/turn                n - ring of positive energy
MPRegen 0.14/turn                M - ring of protection from fire

@: corroded, acrobatic, lightly drained
A: permanent stasis, dig shafts and tunnels, antennae 3, four strong arms
a: Dig, Shaft Self


You were on level 9 of the Dungeon.
You visited 3 branches of the dungeon, and saw 13 of its levels.
You also visited: Bailey.

You collected 360 gold pieces.

Inventory:

Hand Weapons
 a - a +1 short sword of venom
 b - a +5 shortbow (weapon)
 c - a +0 quarterstaff
 y - a +1 dagger of draining {!f =f}
 F - a +0 heavy war axe {!f =f}
 K - a +1 whip of electrocution
Missiles
 r - 25 poisoned darts
 D - 4 javelins
 E - 8 boomerangs
 N - a throwing net
Armour
 j - a +0 cloak (worn)
 B - a +0 leather armour (worn)
 P - a +0 buckler (worn)
Jewellery
 d - an amulet of the acrobat (around neck)
 n - a ring of positive energy (left hand)
 u - a ring of magical power
 M - a ring of protection from fire (right hand)
Wands
 f - a wand of digging (1)
 h - a wand of light (5)
 z - a wand of roots (18)
 H - a wand of flame (11)
 O - a wand of charming (2)
Scrolls
 e - a scroll of fear
 g - a scroll of amnesia {unknown}
 m - a scroll of torment {unknown}
 v - a scroll of silence {unknown}
 w - a scroll of acquirement {unknown}
 x - 4 scrolls of fog
 C - a scroll of poison {unknown}
 G - 2 scrolls of magic mapping
 I - a scroll of vulnerability {unknown}
 L - 2 scrolls of identify {unknown}
Potions
 i - 2 potions of brilliance {unknown}
 k - a potion of lignification {unknown}
 l - a potion of experience {unknown}
 o - 2 potions of haste {unknown}
 p - a potion of cancellation {unknown}
 q - 2 potions of flight {unknown}
 s - 2 potions of mutation {unknown}
 t - a potion of magic {unknown}
 A - 2 potions of attraction {unknown}
 J - 2 potions of degeneration {unknown}


   Skills:
 + Level 4.9 Fighting
 - Level 2.2 Maces & Flails
 * Level 0.2 Ranged Weapons
 - Level 2.0 Dodging
 + Level 7.4 Stealth
 + Level 0.0 Shields
 + Level 4.8 Spellcasting
 + Level 2.6 Conjurations
 * Level 0.9 Necromancy
 + Level 2.3 Air Magic
 - Level 3.0 Evocations


You had 14 spell levels left.
You knew the following spells:

 Your Spells              Type           Power      Damage    Failure   Level
a - Shock                 Conj/Air       36%        1d5       11%         1
b - Kiss of Death         Conj/Necr      28%        2d7       14%         1

Your spell library contained the following spells:

 Spells                   Type           Power      Damage    Failure   Level
 Beastly Appendage        Tmut           6%         N/A       30%         1
 Wereblood                Tmut           3%         N/A       41%         2
 Confusing Touch          Hex            3%         N/A       65%         3
 Spider Form              Tmut/Pois      3%         N/A       65%         3
 Airstrike                Air            4%         2d(1-17)  75%         4
 Dispel Undead            Necr           5%         3d7       89%         4
 Swiftness                Air            Unusable   N/A       N/A         3

Dungeon Overview and Level Annotations

Branches:
Dungeon (11/15)            Temple (0/1) D:7            Lair (1/5) D:10
    Orc (1/2) D:11         Bailey (visited)

Altars:
Elyvilon
Gozag
Hepliaklqana
Makhleb
Nemelex Xobeh
Ru

Shops:
D:5 :

Annotations:
D:4 1 runed translucent door, Crazy Yiuf
D:6 exclusions: downstairs and 2 wights
D:7 exclusions: downstairs and upstairs
D:9 exclusion: wyvern
D:10 exclusions: 3 downstairs and wyvern
D:11 exclusion: downstairs, Nergalle, Snorg, Sonja


Innate Abilities, Weirdness & Mutations

You cannot be hasted, slowed, berserked, paralysed or teleported.
You can dig through walls and to a lower floor.
You have a pair of large antennae on your head. (SInv)
Your four strong arms can wield two-handed weapons with a shield.


Message History

Press: ? - help, Dir - move target, p - yak Fall back!
A yak comes into view.
The yak closely misses your yak. What are your orders? t - Shout!
Orders for allies: a - Attack new target. r - Retreat! s - Stop attacking. g - Guard the area. f - Follow me.
Anything else - Cancel.
Gang up on whom?
Press: ? - help, Dir - move target, f - yak
Aim: a yak Attack!
Your yak gores the yak but does no damage.
Your yak gores the yak!
Your yak gores the yak.
You extend your mandibles.
You dig through the rock wall.
You feel drained.
You retract your mandibles.
A kobold brigand comes into view.
It is wielding a +0 dagger and quivering curare-tipped darts.
The acid dragon spits acid at you. The splash of acid hits you!!
The kobold brigand moves out of view.
A kobold comes into view. It is wielding a +0 short sword.
A bullfrog comes into view.
Found a stone staircase leading up.
The kobold shouts!
You hear a shout!
A kobold comes into view. It is wielding a +0 dagger.
A kobold brigand comes into view.
It is wielding a +0 dagger and quivering poisoned darts.
The acid dragon spits acid at you. The splash of acid hits you!!
* * * LOW HITPOINT WARNING * * *
The acid corrodes you!
The kobold shouts!
A shadow and a kobold demonologist come into view.
The kobold brigand shouts!
You hear a shout!
A kobold comes into view. It is wielding a +0 short sword.
The acid dragon spits acid at you. The splash of acid hits you!
You die... { #.......##'### #....#####...# #....#.......# #....#.......# #...(.#....#.......# #.....#....#.......# +.....+....#.......# #.....#....##+####'# #.....#............. ##.....#............. #......#............. {#......'............. .
K #F.....#.............
WK{

+......#....####..... #K
##....D#....#..'.....
##.K##.....#....#..#.....
#<..K......#....#.>#.....
+..........#Y...#).#.....
#.....<@...#YY..#..#.....
#..........#....#..#.....
#..........#{...#+##.....
#+####....Y.##### #.....
#......# #..... #......#
#..... #......# #.....
#......# #..... #......#
#..... #......# #.....
#......# #..... #l....


You could see a yak, an acid dragon (catching breath), 2 kobold brigands, a
shadow, a bullfrog and 2 kobolds.

Vanquished Creatures
  A phantom (D:6)
  A centaur (D:9)
  A kobold brigand (D:5)
  3 scorpions
  A howler monkey (D:4)
  An orc priest (D:3)
  3 iguanas (D:5)
  3 sleepcaps
  An orc wizard (D:5)
  10 gnolls
  8 adders
  An ufetubus (D:5)
  4 worms
  A dart slug (D:2)
  16 orcs
  5 endoplasms
  3 giant cockroaches
  8 hobgoblins
  11 kobolds
  2 quokkas
  6 ball pythons
  8 bats
  3 frilled lizards
  13 goblins
  4 rats
118 creatures vanquished.

Notes
Turn   | Place    | Note
-------+----------+-------------------------------------------
     0 | D:5      | petzl the Formicid Delver began the quest for the Orb.
     0 | D:5      | Reached XP level 1. HP: 18/18 MP: 1/1
    17 | D:5      | Noticed an iguana
    53 | D:4      | Reached XP level 2. HP: 15/24 MP: 2/2
   154 | D:4      | Found a white marble altar of Elyvilon.
   286 | D:3      | Reached skill level 1 in Spellcasting
   290 | D:3      | Reached XP level 3. HP: 15/29 MP: 2/4
   358 | D:3      | Noticed a black bear
   394 | D:3      | Found a burning altar of Makhleb.
   910 | D:1      | Reached XP level 4. HP: 31/35 MP: 7/7
  1493 | D:2      | Reached XP level 5. HP: 41/41 MP: 10/10
  2026 | D:3      | Learned a level 1 spell: Shock
  2098 | D:3      | Found a faded altar of an unknown god.
  2557 | D:3      | Found a sparkling altar of Nemelex Xobeh.
  2919 | D:4      | HP: 2/41 [howler monkey (2)]
  2920 | D:4      | You fall into a shaft and drop 3 floors!
  2920 | D:7      | Found a hazy altar of Hepliaklqana.
  3126 | D:7      | Found a flagged portal.
  3162 | Bailey   | Entered a bailey
  3298 | D:7      | Noticed a steam dragon
  3405 | D:6      | Noticed a phantom
  3408 | D:6      | Noticed a kobold brigand
  3411 | D:6      | Noticed an ice beast
  3676 | D:4      | You fall into a shaft and drop 1 floor!
  3818 | D:5      | Found Lemicinu's Self-Improvement Boutique.
  3904 | D:4      | Reached skill level 1 in Evocations
  3904 | D:4      | Reached XP level 6. HP: 41/45 MP: 11/11
  3992 | D:4      | Found a runed translucent door.
  3993 | D:4      | Noticed Crazy Yiuf
  4268 | D:4      | Reached skill level 1 in Conjurations
  4314 | D:4      | Found a sacrificial altar of Ru.
  4473 | D:5      | Noticed an ogre
  4545 | D:5      | Reached skill level 1 in Air Magic
  4970 | D:5      | Reached XP level 7. HP: 25/54 MP: 13/13
  5713 | D:5      | Reached skill level 7 in Stealth
  6432 | D:6      | Reached XP level 8. HP: 56/61 MP: 14/14
  6906 | D:8      | Noticed a two-headed ogre
  6910 | D:8      | You fall into a shaft and drop 1 floor!
  6989 | D:9      | Learned a level 1 spell: Kiss of Death
  7119 | D:9      | Noticed a wyvern
  7153 | D:10     | Entered Level 10 of the Dungeon
  7158 | D:10     | Found a staircase to the Lair.
  7187 | Lair:1   | Entered Level 1 of the Lair of Beasts
  7232 | D:11     | Noticed Snorg
  7246 | D:11     | Found a staircase to the Orcish Mines.
  7258 | Orc:1    | Entered Level 1 of the Orcish Mines
  7270 | Orc:1    | Noticed a troll
  7287 | D:11     | Noticed Nergalle
  7328 | D:11     | Noticed a gargoyle
  7412 | D:10     | Found an opulent altar of Gozag.
  7415 | D:10     | Noticed a wyvern
  7686 | D:11     | Noticed Sonja
  7780 | D:9      | Noticed a yak
  7781 | D:9      | Noticed a yak
  7803 | D:9      | Noticed a yak
  7813 | D:9      | Noticed a shadow
  7813 | D:9      | Noticed a kobold demonologist
  7813 | D:9      | Killed from afar by an acid dragon

Illustrated notes

Levels and vault maps discovered:
D:1:      mrwooster_arrival_statue_3, layout_loops_ring
D:2:      layout_loops_ring
D:3:      kennysheep_six_static_rooms, layout_rooms, nemelex_spade_bored_becter,
          lightli_temple_of_fire, basic_ecumenical_altar, serial_glass,
          glass_columns_b, glass_columns_b, glass_columns_a, glass_columns_c,
          glass_columns_a, glass_columns_a, moated_statue, st_stairs_5,
          minmay_misc_feat_x, small_statue_intersection
D:4:      layout_basic, mainiacjoe_overflow_boulevard,
          mainiacjoe_overflow_surrounded_room, uniq_crazy_yiuf_cottage
D:5:      layout_loops_corners, hangedman_decor_slide_cut,
          nicolae_shop_self_help
D:6:      layout_gridville, nicolae_half_adder
D:7:      layout_rooms, kennysheep_little_box,
          mainiacjoe_overflow_small_starburst,
          minmay_temple_entry_statues_pillars, enter_bailey_5,
          kb_lookout_dungeons_type, minivault_27, kennysheep_small_square
D:8:      layout_rooms, vehumet_altar_wand_db,
          mainiacjoe_overflow_six_doors_small, serial_undead, serial_undead_e,
          serial_undead_d, serial_undead_b, serial_undead_a,
          nicolae_underground_beach, uniq_maggie, uniq_grum, uniq_joseph
D:9:      layout_gridville, fedhas_altar_fruit_tree, kennysheep_mini_moat
D:10:     layout_loops_ring, lemuel_mausoleum_altar_kikubaaqudgha,
          lemuel_round_altar, lair_entry_dummy
D:11:     layout_long_grid, orc_0_dummy, uniq_sonja, uniq_snorg, uniq_nergalle
Lair:1:   layout_small_grid, grunt_megastairs_3, uniq_urug
Orc:1:    dreamdust_wu_jian_sword_trials, layout_caves, serial_shops,
          shop_fountains

Skill      XL: |  1  2  3  4  5  6  7 |
---------------+----------------------+-----
Dodging        | 2 |  2.0
Spellcasting   | 1 2 3 4 |  4.8
Evocations     | 1 3 |  3.0
Conjurations   | 1 2 |  2.6
Air Magic      | 1 2 |  2.3
Fighting       | 4 |  4.9
Stealth        | 7 |  7.4
Maces & Flails | |  2.2
Ranged Weapons | |  0.2
Necromancy     | |  0.9

Action                     |  1- 3 |  4- 6 |  7- 9 || total
---------------------------+-------+-------+-------++-------
  Melee: Mace              |    69 |     3 |       ||    72
         Punch             |     2 |     3 |       ||     5
         Quarterstaff      |       |   100 |    38 ||   138
         Short sword       |       |   115 |    58 ||   173
         Whip              |       |       |     4 ||     4
   Fire: Shortbow          |       |       |     4 ||     4
  Throw: Dart              |       |    18 |    30 ||    48
         Stone             |       |    21 |     4 ||    25
         Boomerang         |       |       |     3 ||     3
Ability: Dig               |       |     3 |     1 ||     4
         Shaft Self        |       |     2 |     1 ||     3
  Evoke: Wand              |     1 |     2 |     6 ||     9
    Use: Scroll            |       |     1 |     8 ||     9
         Potion            |       |       |     3 ||     3
   Stab: Sleeping          |     9 |    12 |     2 ||    23
 Armour: Leather armour    |    24 |    58 |    26 ||   108
  Dodge: Dodged            |    44 |   135 |   101 ||   280
  Block: Buckler           |       |       |     3 ||     3

Table legend: (Time is in decaauts)
 A = Elapsed time spent in this place.
 B = Non-inter-level travel time spent in this place.
 C = Inter-level travel time spent in this place.
 D = Time resting spent in this place.
 E = Time spent auto-exploring this place.
 F = Levels seen in this place.
 G = Mean time per level.
                   A        B        C        D        E       F      G
               +--------+--------+--------+--------+--------+-----+--------+
         Total |   7887 |   7558 |    329 |   1869 |   2369 |  14 |  563.4 |
       Dungeon |   7851 |   7522 |    329 |   1869 |   2369 |  11 |  713.7 |
          Lair |      7 |      7 |      0 |      0 |      0 |   1 |    7.0 |
  Orcish Mines |     18 |     18 |      0 |      0 |      0 |   1 |   18.0 |
        Bailey |      9 |      9 |      0 |      0 |      0 |   1 |    9.0 |
               +--------+--------+--------+--------+--------+-----+--------+

Top non-repeatable levels by time:
     D:5: 2198 daAuts
     D:4: 1110 daAuts
     D:2: 992 daAuts
     D:3: 903 daAuts
     D:1: 697 daAuts
     D:6: 680 daAuts
     D:9: 471 daAuts
     D:7: 381 daAuts
    D:10: 310 daAuts
    D:11: 99 daAuts
   Orc:1: 18 daAuts
  Bailey: 9 daAuts
  Lair:1: 7 daAuts
     D:8: 5 daAuts
